 Dungeon Crawl Stone Soup version 0.21.1-1-g345015f (webtiles) character file.

13182 kae the Basher (level 12, -12/96 HPs)
             Began as a Formicid Fighter on June 9, 2018.
             Was a High Priest of Okawaru.
             Engulfed by a cloud of freezing vapour (13 damage)
             ... in an ice cave.
             The game lasted 00:14:06 (11874 turns).

kae the Basher (Formicid Fighter)                  Turns: 11874, Time: 00:14:07

Health: -12/96     AC: 12    Str: 25    XL:     12   Next: 29%
Magic:  16/16      EV: 10    Int:  9    God:    Okawaru [*****.]
Gold:   675        SH: 16    Dex: 10    Spells: 11/11 levels left

rFire    . . .     SeeInvis +   x - +3 whip (freeze)
rCold    . . .     Gourm    .   c - +0 shield
rNeg     + . .     Faith    .   s - +2 ring mail of Entitlement {MR+}
rPois    .         Spirit   .   (helmet unavailable)
rElec    .         Reflect  +   (no cloak)
rCorr    .         Harm     .   (no gloves)
MR       ++...                  (no boots)
Stlth    ..........             t - +4 amulet of reflection
HPRegen  0.26/turn              l - ring of positive energy
MPRegen  0.15/turn              r - +3 ring of protection

@: no status effects
A: permanent stasis, dig shafts and tunnels, four strong arms, antennae 3
a: Dig, Shaft Self, Heroism, Finesse, Renounce Religion


You were in an ice cave.
You worshipped Okawaru.
Okawaru was extremely pleased with you.
You were not hungry.

You visited 2 branches of the dungeon, and saw 11 of its levels.
You also visited: Ice Cave.

You collected 794 gold pieces.
You spent 119 gold pieces at shops.

Inventory:

Hand Weapons
 a - a +0 flail
 x - a +3 whip of freezing (weapon)
Armour
 c - a +0 shield (worn)
 e - a +0 buckler of reflection
 s - the +2 ring mail of Entitlement (worn) {MR+}
   (You found it on level 8 of the Dungeon)

   It affects your resistance to hostile enchantments.
Jewellery
 l - a ring of positive energy (left hand)
 n - a +2 ring of intelligence
 r - a +3 ring of protection (right hand)
 t - a +4 amulet of reflection (around neck)
 F - an uncursed ring of protection from fire
 G - an uncursed ring of magical power
Wands
 q - a wand of acid (15)
 w - a wand of scattershot (11)
Scrolls
 i - 3 scrolls of magic mapping
 y - 2 scrolls of enchant weapon
 z - a scroll of remove curse
 B - 4 scrolls of identify
 K - a scroll of enchant armour
Potions
 d - a potion of might
 g - 2 potions of mutation
 h - 7 potions of curing
 o - 3 potions of brilliance
 p - a potion of agility
 v - 2 potions of flight
 A - 2 potions of heal wounds
 E - a potion of lignification
 H - 2 potions of magic
Books
 k - a book of Callings

   Spells                             Type                      Level
   a - Summon Small Mammal            Summoning                    1
   b - Call Imp                       Summoning                    2
   c - Call Canine Familiar           Summoning                    3
   d - Summon Guardian Golem          Hexes/Summoning              3
   e - Summon Lightning Spire         Summoning/Air                4
   f - Summon Ice Beast               Ice/Summoning                4
 u - a book of Misfortune

   Spells                             Type                      Level
   a - Confusing Touch                Hexes                        1
   b - Confuse                        Hexes                        3
   c - Gell's Gravitas                Translocation                3
   d - Petrify                        Transmutation/Earth          4
   e - Metabolic Englaciation         Hexes/Ice                    5
   f - Yara's Violent Unravelling     Hexes/Transmutation          5
 C - a book of Air

   Spells                             Type                      Level
   a - Shock                          Conjuration/Air              1
   b - Swiftness                      Charms/Air                   2
   c - Static Discharge               Conjuration/Air              3
   d - Airstrike                      Air                          4
   e - Lightning Bolt                 Conjuration/Air              5
 D - a book of Flames

   Spells                             Type                      Level
   a - Flame Tongue                   Conjuration/Fire             1
   b - Throw Flame                    Conjuration/Fire             2
   c - Conjure Flame                  Conjuration/Fire             3
   d - Inner Flame                    Hexes/Fire                   3
   e - Sticky Flame                   Conjuration/Fire             4
   f - Fireball                       Conjuration/Fire             5
Comestibles
 b - 2 chunks of flesh
 f - 13 rations


   Skills:
 + Level 9.5 Fighting
 * Level 11.6 Maces & Flails
 + Level 9.6 Armour
 + Level 10.3 Shields
 + Level 6.4 Invocations


You had 11 spell levels left.
You didn't know any spells.

Dungeon Overview and Level Annotations

Branches:
Dungeon (11/15)            Temple (1/1) D:7            Lair (0/6) D:9
    Orc (0/2) D:11

Altars:
Ashenzari
Cheibriados
Dithmenos
Elyvilon
Fedhas
Gozag
Hepliaklqana
Kikubaaqudgha
Makhleb
Nemelex Xobeh
Okawaru
Qazlal
Ru
Sif Muna
Trog
Uskayaw
Vehumet
Wu Jian
Xom
Yredelemnul
Zin
The Shining One

Shops:
D:5 [   D:7 *

Annotations:
D:4 inc's ghost, amateur GnWr
D:7 inc's ghost, novice GnWz


Innate Abilities, Weirdness & Mutations

You cannot be hasted, slowed, berserked, paralysed or teleported.
You can dig through walls and to a lower floor.
Your four strong arms can wield two-handed weapons with a shield.
You have a pair of large antennae on your head. (SInv)


Message History

You're standing in a cloud of freezing vapour!
You're standing in a cloud of freezing vapour!
Unknown command.
You are engulfed in freezing vapours.
You start resting.
You are engulfed in freezing vapours.
You are engulfed in freezing vapours.
You are engulfed in freezing vapours.
You enter the shallow water.
Moving in this stuff is going to be slow.
You see here a runed buckler.
e - a runed buckler You start resting.
You are engulfed in freezing vapours.
You are engulfed in freezing vapours.
* * * LOW HITPOINT WARNING * * *
You are engulfed in freezing vapours.
* * * LOW HITPOINT WARNING * * *
You are engulfed in freezing vapours.
You die...

***,,,*,,,*
******,,,,,,* *
**,,*****,,,*** *
**,,,,** *,,**,***
*,###{,****,,,,,,*
**..#*,,* **,,*,,,
##..#**,** **,***,
#..#* **{****** *,
#@#* *{,{** **
##§# **{,,** *
#§#### *,*,,** *
#§##.## ***,,,*
#§§#..####**,*,*
#§#§§§§§.##,**,**
##§##§§§..#*,*,,*
##.##÷##.##,*,**
*#######§#,*,** *


There were no monsters in sight!

Vanquished Creatures
  Josephine (D:11)
  4 two-headed ogres
  2 wizards
  Pikel (D:5)
  The ghost of diana the Cleaver, a novice HOFi (D:6)
  An ugly thing (D:11)
  2 ice devils (D:11)
  A polar bear (IceCv)
  A troll (D:9)
  A hornet (D:8)
  2 hippogriffs
  4 wraiths
  4 yaks (D:11)
  A steam dragon (D:8)
  A water moccasin (D:9)
  2 hornet zombies (D:9)
  2 orc warriors (D:9)
  2 phantoms
  3 slaves (D:5)
  An ice beast (D:9)
  3 wolves (IceCv)
  2 centaurs
  2 ogres
  A big kobold (D:8)
  7 bullfrogs
  A wyvern zombie (D:11)
  A scorpion (D:11)
  5 wights (D:6)
  5 crimson imps
  10 howler monkeys
  A bullfrog zombie (D:9)
  5 jellies
  2 quasits
  2 hounds
  A bullfrog skeleton (D:8)
  A gnoll shaman (D:8)
  12 orc priests
  11 orc wizards
  Jessica (D:2)
  5 iguanas
  9 worker ants
  4 hound zombies
  2 hound skeletons
  Robin (D:2)
  6 gnolls
  10 adders
  6 shadow imps
  2 oozes (D:2)
  An adder zombie (D:9)
  2 adder skeletons
  2 leopard geckos
  44 orcs
  8 bats
  2 giant cockroaches
  18 goblins
  8 hobgoblins
  4 jackals
  6 quokkas
  2 ball pythons
  6 frilled lizards
  8 kobolds
  A leopard gecko skeleton (D:5)
  A quokka skeleton (D:9)
  4 rats
272 creatures vanquished.

Vanquished Creatures (others)
  A cyclops (D:11)
  A wolf (IceCv)
  3 plants (D:11)
5 creatures vanquished.

Grand Total: 277 creatures vanquished

Notes
Turn   | Place    | Note
-------+----------+-------------------------------------------
     0 | D:1      | kae the Formicid Fighter began the quest for the Orb.
     0 | D:1      | Reached XP level 1. HP: 18/18 MP: 1/1
   273 | D:1      | Reached XP level 2. HP: 22/24 MP: 2/2
   816 | D:2      | Reached XP level 3. HP: 29/29 MP: 3/3
  1039 | D:2      | Noticed Robin
  1052 | D:2      | Reached XP level 4. HP: 37/37 MP: 4/4
  1058 | D:2      | Killed Robin
  1058 | D:2      | Reached skill level 3 in Maces & Flails
  1364 | D:2      | Noticed Jessica
  1376 | D:2      | Killed Jessica
  1376 | D:2      | Reached XP level 5. HP: 33/42 MP: 5/5
  2991 | D:4      | Reached XP level 6. HP: 48/48 MP: 6/6
  2995 | D:4      | Noticed inc's ghost (amateur GnWr)
  3102 | D:4      | Reached skill level 4 in Maces & Flails
  3589 | D:5      | Entered Level 5 of the Dungeon
  3644 | D:5      | Reached skill level 5 in Shields
  3656 | D:5      | Reached XP level 7. HP: 26/55 MP: 7/7
  3870 | D:5      | Found Caneutaa's Armour Shoppe.
  3902 | D:5      | Found an ancient bone altar of Kikubaaqudgha.
  4015 | D:5      | Reached skill level 5 in Maces & Flails
  4084 | D:5      | Reached skill level 5 in Armour
  4231 | D:5      | Reached skill level 5 in Fighting
  4290 | D:5      | Noticed Pikel
  4310 | D:5      | Killed Pikel
  4310 | D:5      | Reached skill level 6 in Maces & Flails
  4310 | D:5      | Reached XP level 8. HP: 36/63 MP: 8/8
  5035 | D:6      | Found a blossoming altar of Fedhas.
  5200 | D:6      | Noticed diana's ghost (novice HOFi)
  5263 | D:6      | Killed diana's ghost
  5263 | D:6      | Reached skill level 7 in Maces & Flails
  5263 | D:6      | Reached XP level 9. HP: 56/71 MP: 9/9
  5896 | D:7      | Found an ornate altar of the Wu Jian Council.
  6102 | D:7      | Noticed inc's ghost (novice GnWz)
  6307 | D:7      | Reached skill level 8 in Maces & Flails
  7493 | D:7      | Reached XP level 10. HP: 76/79 MP: 10/10
  7897 | D:7      | Found Jegom's Assorted Antiques.
  7972 | D:7      | Bought a sapphire potion for 22 gold pieces
  7972 | D:7      | Bought a potion of curing for 75 gold pieces
  7972 | D:7      | Bought a pink potion for 22 gold pieces
  8110 | D:7      | Found a staircase to the Ecumenical Temple.
  8177 | Temple   | Entered the Ecumenical Temple
  8371 | Temple   | Became a worshipper of Warmaster Okawaru
  8890 | D:8      | Got a brightly glowing ring mail
  8901 | D:8      | Identified the +2 ring mail of Entitlement {MR+} (You found it on level 8 of the Dungeon)
  9067 | D:8      | Reached skill level 1 in Invocations
  9071 | D:8      | Reached skill level 9 in Maces & Flails
  9159 | D:8      | Reached * piety under Okawaru
  9562 | D:9      | Noticed a two-headed ogre
  9885 | D:9      | Killed a two-headed ogre
  9885 | D:9      | Reached ** piety under Okawaru
  9889 | D:9      | Found a hazy altar of Hepliaklqana.
  9901 | D:9      | Found a staircase to the Lair.
 10116 | D:9      | Noticed a two-headed ogre
 10125 | D:9      | Killed a two-headed ogre
 10125 | D:9      | Reached skill level 10 in Maces & Flails
 10125 | D:9      | Reached XP level 11. HP: 82/86 MP: 10/13
 10757 | D:9      | Found a hide-covered altar of Uskayaw.
 10909 | D:9      | Noticed a wizard
 10925 | D:9      | Killed a wizard
 10963 | D:9      | Noticed a two-headed ogre
 10972 | D:9      | Killed a two-headed ogre
 10972 | D:9      | Reached *** piety under Okawaru
 11000 | D:9      | Reached skill level 5 in Invocations
 11009 | D:9      | Noticed a red ugly thing
 11030 | D:9      | You fall through a shaft for 2 floors!
 11100 | D:11     | Noticed Josephine
 11109 | D:11     | Killed Josephine
 11109 | D:11     | Reached **** piety under Okawaru
 11233 | D:11     | Reached skill level 11 in Maces & Flails
 11275 | D:11     | Noticed a wizard
 11284 | D:11     | Noticed a green ugly thing
 11285 | D:11     | Killed a wizard
 11302 | D:11     | Killed a green ugly thing
 11302 | D:11     | Reached ***** piety under Okawaru
 11310 | D:11     | Reached XP level 12. HP: 44/95 MP: 16/16
 11326 | D:11     | Reached skill level 10 in Shields
 11332 | D:11     | Noticed a two-headed ogre
 11349 | D:11     | Killed a two-headed ogre
 11401 | D:11     | Found a frozen archway.
 11430 | IceCv    | Entered an ice cave
 11873 | IceCv    | HP: 1/96 [something (17)]
 11874 | IceCv    | Engulfed by a cloud of freezing vapour

Skill      XL: |  1  2  3  4  5  6  7  8  9 10 11 12 |
---------------+-------------------------------------+-----
Shields        | 4 5 6 7 9 10 | 10.3
Maces & Flails | 3 4 6 7 8 10 11 | 11.6
Fighting       | 4 5 6 7 8 9 |  9.5
Armour         | 4 5 6 7 8 9 |  9.6
Invocations    | 3 5 6 |  6.4

Action                   |  1- 3 |  4- 6 |  7- 9 | 10-12 || total
-------------------------+-------+-------+-------+-------++-------
Melee: Flail             |   117 |   187 |   108 |       ||   412
       Whip              |       |       |   361 |   658 ||  1019
Invok: Heroism           |       |       |       |    11 ||    11
 Abil: Dig               |     1 |     3 |     4 |     3 ||    11
       Shaft Self        |       |       |       |     1 ||     1
Evoke: Wand              |       |       |       |     5 ||     5
  Use: Scroll            |     6 |     3 |     5 |     9 ||    23
       Potion            |       |       |     2 |     5 ||     7
 Stab: Distracted        |       |       |     1 |       ||     1
  Eat: Chunk             |     1 |     9 |    11 |    14 ||    35
       Ration            |       |       |       |     1 ||     1
Armor: Scale mail        |    56 |    64 |   128 |    18 ||   266
       Ring mail         |       |       |       |    59 ||    59
Dodge: Dodged            |    39 |    64 |   126 |    96 ||   325
Block: Shield            |    68 |    71 |   207 |   301 ||   647
       Reflection        |       |       |       |    14 ||    14
